 Dungeon Crawl Stone Soup version 0.30.0-29-ga12c61a403 (webtiles) character file.

Game seed: 271661726176830106

262 btbam524 the Magician (level 5, -3/37 (41) HPs)
             Began as a Draconian Reaver on June 19, 2023.
             Shot with a bolt by an orc warrior (14 damage)
             ... on level 4 of the Dungeon.
             The game lasted 00:09:14 (2482 turns).

btbam524 the Magician (Draconian Reaver)            Turns: 2482, Time: 00:09:15

HP:   -3/37 (41)    AC:  8    Str: 12 (14) XL:     5   Next: 97%
MP:   7/11          EV: 11    Int: 15 (16) God:
Gold: 160           SH:  0    Dex:  7 (9)  Spells: 9/12 levels left

rFire   . . .        f - +2 whip (drain)
rCold   . . .        (no shield)
rNeg    . . .        (body armour unavailable)
rPois   .            (helmet restricted)
rElec   .            n - +2 cloak {Stlth+}
rCorr   .            (no gloves)
SInv    .            (no boots)
Will    +....        (no amulet)
Stlth   ++           c - ring of willpower
HPRegen 0.26/turn    (no ring)
MPRegen 0.12/turn

%: no passive effects
@: drained
A: AC +5, unfitting armour, cold-blooded
a: no special abilities


You were on level 4 of the Dungeon.
You visited 1 branch of the dungeon, and saw 4 of its levels.

You collected 160 gold pieces.

Inventory:

Hand Weapons
 a - a +0 falchion
 f - a +2 whip of draining (weapon)
 m - a +4 quarterstaff of chaos
Armour
 n - a +2 cloak of stealth (worn)
Magical Staves
 i - a staff of fire
Jewellery
 c - a ring of willpower (left hand)
 e - a +4 ring of protection
Scrolls
 d - a scroll of magic mapping {unknown}
 g - a scroll of immolation {unknown}
 h - 2 scrolls of teleportation {unknown}
 j - 2 scrolls of identify
 o - a scroll of fog {unknown}
Potions
 k - a potion of degeneration
 l - a potion of mutation


   Skills:
 - Level 2.1 Fighting
 - Level 3.0 Long Blades
 - Level 1.7 Dodging
 + Level 4.0 Spellcasting
 - Level 3.0 Conjurations
 + Level 3.6 Necromancy
 - Level 2.0 Translocations


You had 9 spell levels left.
You knew the following spells:

 Your Spells              Type           Power      Damage    Failure   Level
a - Kiss of Death         Conj/Necr      48%        2d9       4%          1
b - Momentum Strike       Conj/Tloc      20%        3d8       10%         2

Your spell library contained the following spells:

 Spells                   Type           Power      Damage    Failure   Level
 Lesser Beckoning         Tloc           18%        N/A       12%         2
 Gell's Gravitas          Tloc           9%         N/A       22%         3
 Teleport Other           Tloc           9%         N/A       22%         3
 Hailstorm                Conj/Ice       7%         3d4       28%         3


Dungeon Overview and Level Annotations

Branches:
Dungeon (4/15)
 Temple: D:4-7

Altars:


Innate Abilities, Weirdness & Mutations

Your plain brown scales are hard. (AC +5)
You cannot fit into any form of body armour.
You are cold-blooded and may be slowed by cold attacks.


Message History

Aiming: Momentum Strike (safe; 9% risk of failure)
Press: ? - help, Dir - move target, f - orc warrior
Aim: an orc warrior, wielding a +0 arbalest and wearing a +0 chain mail (64% to hit)
The concentrated momentum hits the orc warrior!
The orc warrior is moderately wounded.
You are unable to move.
The orc warrior shoots a bolt.
The bolt barely misses you. Something hits you.
Casting: Momentum Strike (safe; 9% risk of failure)
Confirm with . or Enter, or press ? or * to list all spells.
You cannot redirect your momentum while unable to move.
You cannot move.
You cannot move.
You cannot move.
You cannot move.
You hear some strange, mumbled words.
Something tries to affect you, but you resist.
The orc wizard casts a spell.
The orc wizard flickers and vanishes!
Casting: Momentum Strike (safe; 9% risk of failure)
Confirm with . or Enter, or press ? or * to list all spells.
You can't see any susceptible monsters within range! (Use Z to cast anyway.)
The orc warrior shoots a bolt.
The bolt barely misses you.
You hear some strange, mumbled words.
A puff of flame appears from out of thin air!
The puff of flame hits you!
Okay, then.
It was a potion of degeneration.
There was something very wrong with that liquid.
You feel weakened.
You feel dopey.
You feel clumsy.
The orc warrior shoots a bolt.
Something hits you but does no damage.
As you read the scroll labelled GUACLA WUCS, it crumbles to dust.
It is a scroll of identify.
l - a potion of mutation You are no longer robbed of momentum.
The orc warrior shoots a bolt.
The bolt barely misses you. Something hits you. x2
* * * LOW HITPOINT WARNING * * *
As you read the scroll labelled DACHYT PISKIRA, it crumbles to dust.
You hear a loud clanging noise!
It was a scroll of noise.
The orc warrior shoots a bolt.
The bolt hits you!
You die...

##############
.....o{@.....#
....########.#
##### #
##.####...##
#......###.##
#..##.## ##.##
#.....# #...
#####†###.##
##.## #...†.#
##.###.###
#.#####
##...## #


You could see an orc warrior.

Vanquished Creatures
  A hound (D:4)
  A jelly (D:4)
  Crazy Yiuf (D:2)
  An iguana (D:4)
  3 gnolls (D:2)
  6 adders
  A worm (D:2)
  A dart slug (D:1)
  6 bats
  4 endoplasms
  3 giant cockroaches
  4 goblins
  8 hobgoblins
  3 jackals (D:2)
  4 kobolds
  9 ball pythons
  4 frilled lizards
  9 rats
69 creatures vanquished.

Notes
Turn   | Place    | Note
-------+----------+-------------------------------------------
     0 | D:1      | btbam524 the Draconian Reaver began the quest for the Orb.
     0 | D:1      | Reached XP level 1. HP: 17/17 MP: 3/3
   111 | D:1      | Reached skill level 1 in Necromancy
   155 | D:1      | Reached XP level 2. HP: 23/23 MP: 5/5
   161 | D:1      | Learned a level 2 spell: Momentum Strike
   942 | D:1      | Reached XP level 3. HP: 27/27 MP: 6/6
   958 | D:1      | Reached skill level 1 in Translocations
  1126 | D:2      | Reached skill level 3 in Spellcasting
  1126 | D:2      | Reached XP level 4. HP: 9/29 MP: 6/8
  1803 | D:2      | Found a runed translucent door.
  1804 | D:2      | Noticed Crazy Yiuf
  1940 | D:2      | Killed Crazy Yiuf
  1941 | D:2      | Reached XP level 5. HP: 25/29 MP: 5/10
  2276 | D:3      | Found a faded altar of an unknown god.
  2468 | D:4      | Noticed an orc warrior
  2471 | D:4      | Reached skill level 4 in Spellcasting
  2482 | D:4      | Shot with a bolt by an orc warrior

Illustrated notes

Levels and vault maps discovered:
D:1:      roderic_octagonal_star, layout_loops_corners, serial_glass,
          glass_columns_b, glass_columns_c, hangedman_decor_slide_cut,
          minmay_pentomino_x4
D:2:      layout_basic, grunt_decor_cap, uniq_crazy_yiuf_cottage
D:3:      layout_basic, shapermc_ecumenical_altar_ellora, nrook_mini_vaults
D:4:      minmay_recursive_quarters, layout_loops_ring, lemuel_crystal_altar,
          hangedman_abyss_or_decor_stabs

Skill      XL: |  1  2  3  4  5 |
---------------+----------------+-----
Necromancy     | 1 2 3 |  3.6
Translocations | 1 2 |  2.0
Spellcasting   | 3 4 |  4.0
Fighting       | |  2.1
Long Blades    | |  3.0
Dodging        | |  1.7
Conjurations   | |  3.0

Action                     |  1- 3 |  4- 6 || total
---------------------------+-------+-------++-------
  Melee: Falchion          |    48 |       ||    48
         Tailslap          |     9 |     9 ||    18
         Whip              |    51 |   102 ||   153
         Punch             |     1 |       ||     1
   Cast: Kiss of Death     |     4 |     2 ||     6
         Momentum Strike   |       |     9 ||     9
    Use: Potion            |     1 |     1 ||     2
         Scroll            |       |     2 ||     2
   Stab: Sleeping          |     1 |     3 ||     4
 Armour: Skin              |    29 |    46 ||    75
  Dodge: Dodged            |    61 |    91 ||   152
